 Seeded DCSS version 0.27.0-1-g7a089689b8 (webtiles) character file.

Game seed: 17891643447136395761 (custom seed)

375 karkarkar the Chopper (level 6, -4/53 HPs)
             Began as a Minotaur Berserker on Aug 13, 2021.
             Was a Priest of Trog.
             Collided with a stone wall (22 damage)
             ... caused by a wretched star
             ... on level 1 of the Abyss.
             The game lasted 00:08:05 (3540 turns).

karkarkar the Chopper (Minotaur Berserker)          Turns: 3540, Time: 00:08:05

Health: -4/53      AC:  5    Str: 22    XL:     6   Next: 44%
Magic:  5/5        EV: 11    Int: 10    God:    Trog [***...]
Gold:   154        SH:  0    Dex: 11    Spells: 5/5 levels left

rFire    . . .     SeeInvis .   a - +0 hand axe
rCold    . . .     Faith    .   (no shield)
rNeg     . . .     Spirit   .   c - +0 ring mail
rPois    .         Reflect  .   (helmet restricted)
rElec    .         Harm     .   (no cloak)
rCorr    .         Rampage  .   (no gloves)
Will     .....                  (no boots)
Stlth    +.........             (no amulet)
HPRegen  0.17/turn              e - +6 ring of intelligence
MPRegen  0.09/turn              (no ring)

@: no status effects
A: horns 2, retaliatory headbutt
a: Renounce Religion, Berserk, Trog's Hand


You were on level 1 of the Abyss.
You worshipped Trog.
Trog was most pleased with you.
You visited 1 branch of the dungeon, and saw 4 of its levels.
You visited the Abyss 1 time.

You collected 154 gold pieces.

Inventory:

Hand Weapons
 a - a +0 hand axe (weapon)
Missiles
 f - 2 poisoned darts
 k - 7 atropa-tipped darts (quivered)
Armour
 c - a +0 ring mail (worn)
Jewellery
 e - a +6 ring of intelligence (left hand)
Scrolls
 b - 2 scrolls of teleportation
 g - a scroll of fear {unknown}
 j - a scroll of immolation {unknown}
Potions
 d - a potion of flight
 h - a potion of degeneration {unknown}
 i - 4 potions of curing
 l - a potion of haste {unknown}
 m - a potion of attraction {unknown}


   Skills:
 + Level 4.6 Fighting
 * Level 6.7 Axes
 + Level 0.7 Throwing
 + Level 4.3 Armour
 + Level 3.1 Dodging
 + Level 0.7 Stealth


You had 5 spell levels left.
You didn't know any spells.
Your spell library was empty.

Dungeon Overview and Level Annotations

Branches:
Dungeon (4/15)
 Temple: D:4-7

Altars:
Yredelemnul

Shops:
D:1 =   D:4 ?

Annotations:
D:4 Edmund


Innate Abilities, Weirdness & Mutations

You have a pair of horns on your head.
You reflexively headbutt those who attack you in melee.


Message History

The iron imp shouts, "Crawl home, thou yeasty clapper-clawed bugbear!"
Your skin stops crawling.
You feel less strong-willed. The iron imp hits you.
You hit the iron imp. You headbutt the iron imp.
The iron imp is severely wounded.
You closely miss the iron imp.
The iron imp is severely wounded.
The iron imp hits you.
You barely miss the iron imp. Your headbutt misses the iron imp.
The iron imp is severely wounded.
The iron imp barely misses you.
You hit the iron imp but do no damage.
The iron imp is severely wounded.
Unknown command.
You hit the iron imp. Your headbutt misses the iron imp.
The iron imp is severely wounded.
The iron imp hits you but does no damage.
You barely miss the iron imp.
The iron imp is severely wounded.
The iron imp misses you.
You hit the iron imp.
You headbutt the iron imp, but do no damage.
The iron imp is almost dead.
The iron imp hits you.
You closely miss the iron imp.
The iron imp is almost dead.
You hit the iron imp but do no damage.
The iron imp is almost dead.
The iron imp hits you!
You hit the iron imp. You headbutt the iron imp.
You kill the iron imp!
Trog accepts your kill.
m - a yellow potion You start resting.
A wretched star comes into view.
The wretched star glows turbulently.
The lance of force hits you!
You are knocked back by the lance of force.
You slam into the stone wall!
You die...

. #.. ..#....
##...## . .##.#...##
## . # #........##
... ....
#......####. ..
?..#..#..#.'........
...#..##....### .. .
....(..@...# ##
##.........# .
...#.#....#*# # .
......#.####
..##....#.# #.. .
......... .#.
...#....... . #
........##.. #


You could see a wretched star.

Vanquished Creatures
  An ogre (D:4)
  A centaur skeleton (D:4)
  An iron imp (Abyss:1)
  An iguana (D:4)
  2 orc wizards (D:4)
  5 adders
  A white imp (D:3)
  An ufetubus (D:4)
  A worm (D:2)
  4 orcs
  5 ball pythons
  5 bats
  6 endoplasms
  A giant cockroach (D:1)
  6 goblins
  7 hobgoblins
  10 jackals
  7 kobolds
  6 quokkas
  3 frilled lizards
  24 rats
98 creatures vanquished.

Vanquished Creatures (others)
  A plant (D:2)
1 creature vanquished.

Grand Total: 99 creatures vanquished

Notes
Turn   | Place    | Note
-------+----------+-------------------------------------------
     0 | D:1      | karkarkar the Minotaur Berserker began the quest for the
                  | Orb.
     0 | D:1      | Reached XP level 1. HP: 19/19 MP: 0/0
   144 | D:1      | Reached XP level 2. HP: 21/27 MP: 1/1
   256 | D:1      | Found Ikhooleom's Jewellery Shoppe.
   312 | D:1      | Reached skill level 4 in Axes
   511 | D:1      | Reached ** piety under Trog
   673 | D:1      | Reached XP level 3. HP: 33/33 MP: 2/2
  1849 | D:3      | Reached skill level 5 in Axes
  1849 | D:3      | Reached XP level 4. HP: 40/40 MP: 3/3
  2119 | D:3      | Found a faded altar of an unknown god.
  2140 | D:3      | Found a basalt altar of Yredelemnul.
  2461 | D:3      | Reached *** piety under Trog
  2609 | D:4      | Reached XP level 5. HP: 34/47 MP: 4/4
  2815 | D:4      | Reached skill level 6 in Axes
  3152 | D:4      | Noticed an ogre
  3164 | D:4      | Killed an ogre
  3165 | D:4      | Reached XP level 6. HP: 42/53 MP: 5/5
  3279 | D:4      | Found Rariakuk's Magic Scroll Shoppe.
  3473 | D:4      | Noticed Edmund
  3485 | D:4      | Cast into level 1 of the Abyss (Edmund)
  3539 | Abyss:1  | Noticed a wretched star
  3540 | Abyss:1  | Collided with a stone wall

Illustrated notes

Levels and vault maps discovered:
D:1:      dpeg_arrival_fog, layout_rooms, serial_shops, nicolae_square_shop,
          minmay_pentomino_v4
D:2:      layout_basic, chequers_big_river, ebering_dispersal_statue_hall
D:3:      layout_rooms, mainiacjoe_overflow_brackets,
          ebering_ecumenical_altar_box, minmay_rat_hole
D:4:      layout_loops_corners, serial_shops, nicolae_stop_n_shop_2, uniq_edmund
Abyss:1:  base:
D:2

Skill      XL: |  1  2  3  4  5 |
---------------+----------------+-----
Axes           | 4 5 6 |  6.7
Fighting       | 4 |  4.6
Armour         | 3 4 |  4.3
Dodging        | 3 |  3.1
Throwing       | |  0.7
Stealth        | |  0.7

Action                   |  1- 3 |  4- 6 || total
-------------------------+-------+-------++-------
Melee: Hand axe          |    90 |   118 ||   208
       Headbutt          |     8 |    25 ||    33
Throw: Dart              |       |    21 ||    21
Invok: Trog's Hand       |       |     1 ||     1
  Use: Scroll            |     3 |     1 ||     4
Armor: Ring mail         |    33 |    24 ||    57
       Animal skin       |     2 |       ||     2
Dodge: Dodged            |    62 |    66 ||   128
